 Dungeon Crawl Stone Soup version 0.32-a0-411-g744942f433 (webtiles) character file.

Game seed: 7952474500002578931

84 Juicyj the Chopper (level 4, 0/40 HPs)
             Began as a Mountain Dwarf Monk on Feb 20, 2024.
             Slain by Grinder (5 damage)
             ... on level 3 of the Dungeon.
             The game lasted 00:04:28 (1704 turns).

Juicyj the Chopper (Mountain Dwarf Monk)            Turns: 1704, Time: 00:04:28

Health: 0/40       AC:  4    Str: 15    XL:     4   Next: 23%
Magic:  4/4        EV: 12    Int: 11    God:
Gold:   70         SH:  5    Dex: 12    Spells: 3/3 levels left

rFire   . . .        a - +1 hand axe
rCold   . . .        d - orb {light}
rNeg    . . .        b - +2 robe
rPois   .            (no helmet)
rElec   .            (no cloak)
rCorr   .            (no gloves)
SInv    .            (no boots)
Will    .....        h - amulet of reflection
Stlth   +            (no ring)
HPRegen 0.26/turn    (no ring)
MPRegen 0.09/turn

%: reflection
@: about to teleport, glowing
A: runic magic, artefact enchanting
a: no special abilities


You were on level 3 of the Dungeon.
You visited 1 branch of the dungeon, and saw 3 of its levels.

You collected 70 gold pieces.

Inventory:

Hand Weapons
 a - a +1 hand axe (weapon)
Armour
 b - a +2 robe (worn)
 d - an orb of light (worn)
Jewellery
 h - an amulet of reflection (around neck)
 k - a ring of ice
Talismans
 i - a serpent talisman
Wands
 e - a wand of flame (15)
Scrolls
 g - a scroll of poison {unknown}
Potions
 c - a potion of ambrosia
 f - a potion of cancellation


   Skills:
 + Level 4.2 Fighting
 + Level 4.6 Axes
 + Level 2.8 Dodging


You had 3 spell levels left.
You didn't know any spells.
Your spell library contained the following spells:

 Spells                   Type           Power      Damage    Failure   Level
 Freeze                   Ice            0%         1d3       34%         1
 Blink                    Tloc           0%         N/A       47%         2
 Lesser Beckoning         Tloc           0%         N/A       47%         2
 Momentum Strike          Conj/Tloc      0%         3d8       47%         2
 Frozen Ramparts          Ice            0%         1d1       71%         3
 Hailstorm                Conj/Ice       0%         3d5       71%         3
 Summon Ice Beast         Ice/Summ       0%         N/A       71%         3
 Sculpt Simulacrum        Ice/Alch       0%         N/A       100%        6


Dungeon Overview and Level Annotations

Branches:
Dungeon (3/15)

Altars:

Annotations:
D:3 Grinder


Innate Abilities, Weirdness & Mutations

Your spellcasting is much less encumbered by armour.
You can use scrolls of enchantment on lesser artefacts.


Message History

You start resting.
HP restored.
You start waiting.
Done waiting.
There is a stone staircase leading down here.
You open the door.
There is an open door here.
Found a serpent talisman.
Grinder shouts!
Grinder gestures at you. Pain shoots through your body!
Grinder blinks!
Found a scroll of teleportation.
Grinder gestures at you. Pain shoots through your body!
Found a stone staircase leading down.
You see here a serpent talisman.
i - a serpent talisman You hit Grinder.
Grinder is lightly wounded.
Grinder hits you!
* * * LOW HITPOINT WARNING * * *
You writhe in agony.
* * * LOW HITPOINT WARNING * * *
You hit Grinder but do no damage.
Grinder is lightly wounded.
Grinder barely misses you.
You hit Grinder.
Grinder is lightly wounded.
Grinder completely misses you.
You barely miss Grinder.
Grinder is lightly wounded.
Grinder gestures at you. You resist with significant effort.
As you read the scroll of teleportation, it crumbles to dust.
You feel strangely unstable. Grinder hits you!
* * * LOW HITPOINT WARNING * * *
You writhe in agony.
You die...
Grinder says, "Hey, I wasn't done torturing you yet!"

#.# #.#
#.# #.#
#.#
##.####
#.....#
#.....#
#.@...#
#.5...#
#.!...#
#.....#
'.....#
.#?....#
>....###
# ###.#


You could see Grinder.

Vanquished Creatures
  Jessica (D:2)
  A shadow imp (D:3)
  A dart slug (D:1)
  2 ball pythons
  2 endoplasms
  3 hobgoblins
  6 bats
  3 frilled lizards
  3 goblins
  5 kobolds
  2 rats (D:1)
29 creatures vanquished.

Notes
Turn   | Place    | Note
-------+----------+-------------------------------------------
     0 | D:1      | Juicyj the Mountain Dwarf Monk began the quest for the Orb.
     0 | D:1      | Reached XP level 1. HP: 19/19 MP: 1/1
    61 | D:1      | Reached XP level 2. HP: 26/26 MP: 2/2
   444 | D:1      | Reached XP level 3. HP: 32/33 MP: 3/3
   819 | D:2      | Noticed Jessica
   830 | D:2      | Killed Jessica
  1146 | D:2      | Reached XP level 4. HP: 40/40 MP: 4/4
  1220 | D:2      | Found a faded altar of an unknown god.
  1424 | D:3      | Noticed Grinder
  1704 | D:3      | Slain by Grinder

Illustrated notes

Levels and vault maps discovered:
D:1:      heliophobic_arrival_ceremonial_halls, layout_loops_ring,
          item_on_display_a
D:2:      layout_basic, dilly_ecumenical_altar_fadedgnrine,
          nicolae_elevator_lobby_plus, uniq_jessica
D:3:      layout_basic, chequers_serial_rivers_room_b, uniq_grinder,
          uniq_sigmund

Skill      XL: |  1  2  3 |
---------------+----------+-----
Axes           | 4 |  4.6
Fighting       | 4 |  4.2
Dodging        | |  2.8

Action                     |  1- 3 |  4- 6 || total
---------------------------+-------+-------++-------
  Melee: Hand axe          |    57 |    19 ||    76
    Use: Scroll            |     6 |     1 ||     7
         Potion            |     1 |     1 ||     2
 Armour: Robe              |    28 |    10 ||    38
  Dodge: Dodged            |    48 |     6 ||    54

Table legend: (Time is in decaauts)
 A = Elapsed time spent in this place.
 B = Non-inter-level travel time spent in this place.
 C = Inter-level travel time spent in this place.
 D = Time resting spent in this place.
 E = Time spent auto-exploring this place.
 F = Levels seen in this place.
 G = Mean time per level.
                   A        B        C        D        E       F      G
               +--------+--------+--------+--------+--------+-----+--------+
         Total |   1693 |   1628 |     65 |    189 |   1202 |   3 |  564.3 |
       Dungeon |   1693 |   1628 |     65 |    189 |   1202 |   3 |  564.3 |
               +--------+--------+--------+--------+--------+-----+--------+

Top non-repeatable levels by time:
     D:1: 687 daAuts
     D:2: 581 daAuts
     D:3: 425 daAuts
